 Dungeon Crawl Stone Soup version 0.29.0-11-gd7f09526c8 (webtiles) character file.

Game seed: 9679175628776691261

37 greasedhog the Trooper (level 3, 0/22 HPs)
             Began as a Deep Elf Abyssal Knight on Sept 7, 2022.
             Was a Believer of Lugonu.
             Slain by a goblin
             ... wielding a +0 club
             ... led by Robin
              (2 damage)
             ... on level 1 of the Dungeon.
             The game lasted 00:02:43 (1807 turns).

greasedhog the Trooper (Deep Elf Abyssal Knight)    Turns: 1807, Time: 00:02:43

Health: 0/22       AC:  3    Str: 16    XL:     3   Next: 21%
Magic:  6/6        EV: 12    Int: 14    God:    Lugonu [**....]
Gold:   15         SH:  0    Dex: 17    Spells: 2/2 levels left

rFire   . . .      SeeInvis .   a - +1 short sword
rCold   . . .      Faith    .   (no shield)
rNeg    . . .      Spirit   .   b - +0 leather armour
rPois   .          Reflect  .   (no helmet)
rElec   .          Harm     .   (no cloak)
rCorr   .          Rampage  .   (no gloves)
Will    .....                   (no boots)
Stlth   +.........              (no amulet)
HPRegen 0.07/turn               i - +6 ring of strength
MPRegen 0.10/turn               (no ring)

@: no status effects
A: no striking features
a: Renounce Religion, Depart the Abyss, Bend Space


You were on level 1 of the Dungeon.
You worshipped Lugonu.
Lugonu was pleased with you.
You visited 1 branch of the dungeon, and saw 2 of its levels.
You visited the Abyss 1 time.

You collected 15 gold pieces.

Inventory:

Hand Weapons
 a - a +1 short sword (weapon)
Armour
 b - a +0 leather armour (worn)
 f - a +1 animal skin
 n - a +0 helmet
Jewellery
 i - a +6 ring of strength (left hand)
Scrolls
 c - a scroll of vulnerability
 e - a scroll of teleportation
 h - a scroll of magic mapping {unknown}
 l - a scroll of blinking {unknown}
 m - a scroll of immolation {unknown}
Potions
 d - a potion of berserk rage {unknown}
 g - a potion of brilliance {unknown}
 j - 2 potions of degeneration {unknown}
 k - a potion of heal wounds {unknown}


   Skills:
 * Level 2.9 Fighting
 * Level 2.7 Short Blades
 - Level 0.7 Armour
 - Level 2.4 Dodging
 + Level 2.5 Invocations


You had 2 spell levels left.
You didn't know any spells.
Your spell library was empty.

Dungeon Overview and Level Annotations

Branches:
Dungeon (2/15)

Altars:


Message History

You hit the hobgoblin.
The hobgoblin is moderately wounded.
The hobgoblin hits you.
You hit the hobgoblin.
The hobgoblin is heavily wounded.
The hobgoblin hits you.
You hit the hobgoblin but do no damage.
The hobgoblin is heavily wounded.
The hobgoblin hits you but does no damage.
You barely miss the hobgoblin.
The hobgoblin is heavily wounded.
The hobgoblin barely misses you.
You hit the hobgoblin.
You kill the hobgoblin!
Lugonu accepts your kill.
You hit the goblin.
The goblin is severely wounded.
The goblin hits you but does no damage.
You hit the goblin.
You kill the goblin!
Lugonu accepts your kill.
You completely miss the goblin. The goblin closely misses you.
You hit the goblin.
The goblin is severely wounded.
The goblin hits you with a +0 dagger.
* * * LOW HITPOINT WARNING * * *
You hit the goblin.
You kill the goblin!
Lugonu accepts your kill.
You hit the goblin.
The goblin is severely wounded.
The goblin hits you with a +0 club.
* * * LOW HITPOINT WARNING * * *
You closely miss the goblin.
The goblin is severely wounded.
The goblin barely misses you.
You closely miss the goblin.
The goblin is severely wounded.
The goblin hits you with a +0 club.
You die...

#.######## ##.########
.........# #.........#
########.# #..######.#
##########
#.###..######.###.........
#######.#.......................
#.......##.)g...######..........
#.######..>.###.# #.....#######
#.# #.#.## #g# #...........# #.#
#.#.# #@# #.....#####.# #.#
#.#.####.# #.....# #.#
##.######.#......# #.....# #.#
..........#.###### #.....# #.#
###########.##### #.....# ###.#
.........^......# #.....# #....
#.#########.###.# ####### #....
#.# #.###.### #.... #.#
#.#.....# #)...


You could see a goblin.

Vanquished Creatures
  Robin (D:2)
  A worm (D:2)
  A dart slug (D:2)
  An endoplasm (D:2)
  A hobgoblin (D:1)
  2 kobolds
  3 quokkas
  A ball python (D:2)
  2 bats (D:1)
  A frilled lizard (D:2)
  5 goblins
  A rat (D:1)
20 creatures vanquished.

Notes
Turn   | Place    | Note
-------+----------+-------------------------------------------
     0 | Abyss:1  | greasedhog the Deep Elf Abyssal Knight began the quest for
                  | the Orb.
     0 | Abyss:1  | Reached XP level 1. HP: 13/13 MP: 4/4
     1 | D:1      | Escaped the Abyss
   145 | D:1      | Found a faded altar of an unknown god.
   859 | D:2      | Reached XP level 2. HP: 14/18 MP: 5/5
  1450 | D:2      | Noticed Robin
  1466 | D:2      | Killed Robin
  1467 | D:2      | Reached XP level 3. HP: 11/22 MP: 6/6
  1494 | D:2      | HP: 1/22 [goblin/+0 club[Robin] (3)]
  1807 | D:1      | Slain by a goblin

Illustrated notes

Levels and vault maps discovered:
D:1:      dpeg_arrival_connections, layout_basic,
          hellmonk_ecumenical_altar_lost_god
D:2:      layout_basic, basic_altar, serial_shops, nicolae_shop_waterfront,
          serial_corexii_hall, corexii_hall_statues_deadend,
          corexii_hall_statues_i, chequers_hall_statues_y,
          chequers_serial_rivers_large_a, uniq_robin, uniq_crazy_yiuf_cottage

Action                   || total
-------------------------++-------
Melee: Short sword       ||    94
  Use: Scroll            ||     2
Armor: Leather armour    ||    20
Dodge: Dodged            ||    60
